 Dungeon Crawl Stone Soup version 0.20-a0-891-ga2611f4 (webtiles) character file.

46 RKaid the Poker (level 3, 0/29 HPs)
             Began as a Merfolk Skald on Mar 16, 2017.
             Slain by a goblin
             ... wielding a +1 dagger of venom
             ... led by Robin
              (1 damage)
             ... on level 2 of the Dungeon.
             The game lasted 00:04:14 (1531 turns).

RKaid the Poker (Merfolk Skald)                     Turns: 1531, Time: 00:04:14

Health: 0/29       AC:  5    Str: 11    XL:     3   Next: 66%
Magic:  6/6        EV: 12    Int: 18    God:
Gold:   109        SH:  0    Dex: 13    Spells: 3/6 levels left

rFire    . . .     SeeInvis .   a - +0 spear
rCold    . . .     Gourm    .   b - +0 leather armour
rNeg     . . .     Faith    .   (no shield)
rPois    .         Spirit   .   (no helmet)
rElec    .         Reflect  .   h - +1 cloak
rCorr    .         Harm     .   (no gloves)
MR       .....                  (no boots)
Stlth    +.........             (no amulet)
Regen    0.1/turn               (no ring)
MPRegen  0.1/turn               (no ring)

@: brilliant, lethally poisoned (0 -> -6), very slightly contaminated, invisible
A: change form in water, swift swim, stealthy swim
a: no special abilities


You were on level 2 of the Dungeon.
You were not hungry.

You visited 1 branch of the dungeon, and saw 2 of its levels.

You collected 109 gold pieces.

Inventory:

Hand Weapons
 a - a +0 spear (weapon)
Armour
 b - a +0 leather armour (worn)
 h - a +1 cloak (worn)
   (You found it on level 1 of the Dungeon)
Scrolls
 f - a scroll of teleportation {unknown}
 i - a scroll of enchant armour {unknown}
 k - a scroll of identify {unknown}
 m - a scroll of random uselessness {unknown}
 n - a scroll of noise {unknown}
Potions
 e - a potion of brilliance
Books
 c - a book of Battle
Comestibles
 d - a bread ration
 g - 3 chunks of flesh


   Skills:
 + Level 3.1 Fighting
 * Level 4.3 Polearms
 - Level 0.6 Armour
 - Level 2.6 Dodging
 - Level 2.0 Spellcasting
 + Level 3.7 Charms


You had 3 spell levels left.
You knew the following spells:

 Your Spells              Type           Power        Failure   Level  Hunger
a - Infusion              Chrm           ####         1%          1    #......
b - Song of Slaying       Chrm           ####....     1%          2    ###....


Dungeon Overview and Level Annotations

Branches:
Dungeon (2/15)

Altars:


Message History

A hobgoblin comes into view.
The hobgoblin shouts!
A goblin comes into view. It is wielding a dagger of venom.
The goblin shouts!
You hit the goblin.
You kill the goblin! 2 goblins come into view.
The goblin shouts!
A goblin and a hobgoblin come into view.
Things that are here:
a club; a goblin corpse A goblin and a hobgoblin come into view.
The hobgoblin shouts!
The goblin moves out of view.
A goblin and a hobgoblin come into view.
The goblin shouts!
Things that are here:
a club; a goblin corpse Unknown command.
A goblin comes into view. It is wielding a dagger.
A goblin comes into view. It is wielding a club.
The goblin moves out of view.
You see here a dagger.
Casting: Infusion
Confirm with . or Enter, or press ? or * to list all spells.
You begin infusing your attacks with magical energy.
The goblin hits you with a dagger. The goblin misses you.
You hit the goblin.
You kill the goblin!
You closely miss the hobgoblin. The hobgoblin barely misses you.
You hit the hobgoblin. The hobgoblin hits you.
You hit the hobgoblin.
The hobgoblin hits you but does no damage.
You barely miss the hobgoblin.
The hobgoblin hits you but does no damage.
You hit the hobgoblin!
You kill the hobgoblin!
Attack whom?
Press: ? - help, Dir - move target cursor, f - goblin
Aim: a goblin, wielding a dagger of venom You reach to attack!
You barely miss the goblin. You hit the goblin.
The goblin hits you but does no damage.
You are poisoned.
You closely miss the goblin.
You feel sick.
The goblin hits you with a dagger of venom.
You are more poisoned.
You feel sick.
Your magical infusion is running out.
You feel sick.
You feel sick.
You feel sick.
You feel sick.
You are no longer magically infusing your attacks.
You feel sick.
You are too injured to fight recklessly!
You feel sick.
You are too injured to fight recklessly!
You miss the goblin. The goblin hits you but does no damage.
You are more poisoned.
You feel sick.
You feel sick.
You feel sick.
You feel sick.
You closely miss the goblin. The goblin misses you.
It was a potion of brilliance.
You feel clever all of a sudden.
You feel sick. The goblin misses you.
You feel sick.
You feel sick.
You feel sick.
You feel sick.
There is an open door here.
You feel sick.
There is an open door here.
You feel sick.
You feel sick.
You are no longer poisoned.
Press: ? - help, v - describe, . - travel
Here: a goblin, wielding a dagger of venom (moderately wounded)
The floor.
Unknown command.
The goblin hits you with a dagger of venom.
* * * LOW HITPOINT WARNING * * *
You are lethally poisoned!
Some of the chunks of flesh in your inventory have rotted away.
It was a potion of invisibility.
You fade into invisibility!
* * * LOW HITPOINT WARNING * * *
You feel sick. The goblin closely misses you.
You are very lightly contaminated with residual magic.
* * * LOW HITPOINT WARNING * * *
You feel sick.
Okay, then.
Unknown command.
As you read the scroll labeled BIOGEIC YG QOD, it crumbles to dust.
It is a scroll of recharging.
You aren't carrying any rechargeable items.
The goblin hits you with a dagger of venom.
You die...

#.g.g.g...# #.#
#.###)####.# #######.###
#.# #.# #..<...#
#.#########.###.###.######
#..g.g...#...##.....#
##.######g.>...###.###
#.........g...###...#
#.#.#####.g#.## #...#
#......##.g######...#
##.###.....@.......##
#.........#########
#........## ##########


You could see a hobgoblin and 3 goblins.

Vanquished Creatures
  An adder (D:2)
  2 leopard geckos
  A bat (D:1)
  4 giant cockroaches (D:1)
  6 goblins
  6 hobgoblins
  4 kobolds
  A quokka (D:2)
  3 frilled lizards (D:1)
  2 rats
30 creatures vanquished.

Notes
Turn   | Place    | Note
-------+----------+-------------------------------------------
     0 | D:1      | RKaid the Merfolk Skald began the quest for the Orb.
     0 | D:1      | Reached XP level 1. HP: 16/16 MP: 3/3
   168 | D:1      | Reached XP level 2. HP: 17/23 MP: 0/5
  1140 | D:2      | Learned a level 2 spell: Song of Slaying
  1144 | D:2      | Reached XP level 3. HP: 28/28 MP: 6/6
  1307 | D:2      | Reached skill level 3 in Fighting
  1307 | D:2      | Reached skill level 4 in Polearms
  1480 | D:2      | HP: 7/29 [poisoned by a goblin]
  1486 | D:2      | HP: 6/29 [poisoned by a goblin]
  1494 | D:2      | HP: 4/29 [poisoned by a goblin]
  1527 | D:2      | HP: 2/29 [goblin/dagger of venom[Robin] (4)]
  1531 | D:2      | Slain by a goblin

Vault maps used:
D:1:      evilmike_arrival_plus, st_stairs_3
D:2:      marbit_many_paths, uniq_robin, uniq_sigmund

Skill      XL: |  1  2  3 |
---------------+----------+-----
Fighting       | 3 |  3.1
Polearms       | 4 |  4.3
Armour         | |  0.6
Dodging        | |  2.6
Spellcasting   | |  2.0
Charms         | |  3.7

Action                   || total
-------------------------++-------
Melee: Spear             ||   130
 Cast: Infusion          ||     3
  Use: Potion            ||     2
       Scroll            ||     1
 Stab: Sleeping          ||     2
  Eat: Chunk             ||     2
Armor: Leather armour    ||    22
Dodge: Dodged            ||    70

Table legend:
 A = Turns spent in this place as a percentage of turns spent in the entire game.
 B = Non-inter-level travel turns spent in this place as a percentage of non-inter-level travel turns spent in the entire game.
 C = Inter-level travel turns spent in this place as a percentage of turns spent in this place.
 D = Turns resting spent in this place as a percentage of non-inter-level travel turns spent in this place.
 E = Turns spent auto-exploring this place as a percentage of non-inter-level travel turns spent in this place.
 F = Non-inter-level travel turns spent in this place divided by the number of levels of this place that you've seen.
                   A       B       C       D       E      F
               +-------+-------+-------+-------+-------+----------------------
         Total | 100.0 | 100.0 |   0.2 |   1.9 |  10.0 | 214.5
       Dungeon | 100.0 | 100.0 |   0.2 |   1.9 |  10.0 | 214.5
               +-------+-------+-------+-------+-------+----------------------

Table legend:
 A = Kills in this place as a percentage of kills in entire the game.
 B = Kills by you in this place as a percentage of kills by you in the entire game.
 C = Kills by friends in this place as a percentage of kills by friends in the entire game.
 D = Other kills in this place as a percentage of other kills in the entire game.
 E = Experience gained in this place as a percentage of experience gained in the entire game.
 F = Experience gained in this place divided by the number of levels of this place that you have seen.
                   A       B       C       D       E      F
               +-------+-------+-------+-------+-------+----------------------
         Total | 100.0 | 100.0 |  -nan |  -nan | 100.0 |  33.0
       Dungeon | 100.0 | 100.0 |  -nan |  -nan | 100.0 |  33.0
               +-------+-------+-------+-------+-------+----------------------
